3R
ATHLETIC CLUB KC U-21 @ GREENPORT HARBOR WHALES
06/26/2038
 
TOP OF THE 1ST
Athletic Club KC U-21 batting - Pitching for Greenport Harbor Whales : LHP Luis Asturias
Pitching: LHP Luis Asturias
Batting: RHB Shigetoki Numata 0-0: Fly out, F4 (Flyball, 34D, EV 89.4 MPH)
Batting: RHB Germain Bedeschi 0-0: Called Strike
0-1: Ball
1-1: Ball
2-1: Ball
3-1: Swinging Strike
3-2: Ground out 5-3 (Groundball, 56S, EV 84.4 MPH)
Batting: LHB Bruce Simpson 0-0: Foul Ball, location: 2F
0-1: Foul Ball, location: 2F
0-2: Ball
1-2: Ball
2-2: DOUBLE (Line Drive, 78D, EV 113.1 MPH)
Batting: LHB Rafael Padilla 0-0: Ball
1-0: Foul Ball, location: 2F
1-1: Foul Ball, location: 2F
1-2: Ball
2-2: Fly out, F7 (Flyball, 7LSF, EV 92.5 MPH)
Top of the 1st over - 0 runs, 1 hit, 0 errors, 1 left on base; Athletic Club KC 0 - Greenport 0
BOTTOM OF THE 1ST
Greenport Harbor Whales batting - Pitching for Athletic Club KC U-21 : LHP Larry Brown
Pitching: LHP Larry Brown
Batting: RHB Kazuki Takahashi 0-0: Ball
1-0: Swinging Strike
1-1: Foul Ball, location: 2F
1-2: Foul Ball, location: 2F
1-2: Strikes out swinging
Batting: LHB Ronald Lithgoe 0-0: Hit by Pitch
Batting: RHB De-wei Chi 0-0: Called Strike
0-1: Called Strike
0-2: 2-RUN HOME RUN (Flyball, 9D, EV 92.5 MPH), Distance : 382 ft
Batting: LHB Kyung-ryul Kim 0-0: Ball
1-0: Ball
2-0: Ball
3-0: Base on Balls
Batting: RHB Ben Russell 0-0: Ball
1-0: Grounds into double play, 4-6-3 (Groundball, 4, EV 90.0 MPH)
Bottom of the 1st over - 2 runs, 1 hit, 0 errors, 0 left on base; Athletic Club KC 0 - Greenport 2
TOP OF THE 2ND
Athletic Club KC U-21 batting - Pitching for Greenport Harbor Whales : LHP Luis Asturias
Batting: RHB Tim Hendricks 0-0: Fly out, F7 (Flyball, 7S, EV 91.9 MPH)
Batting: SHB Gary Hopkins 0-0: Called Strike
0-1: Foul Ball, location: 2F
0-2: Ball
1-2: Ball
2-2: Ball
3-2: Ground out 6-3 (Groundball, 6, EV 89.4 MPH)
Batting: LHB Ted Reed 0-0: Ball
1-0: Foul Ball, location: 2F
1-1: Ball
2-1: Swinging Strike
2-2: Ball
3-2: Strikes out swinging
Top of the 2nd over - 0 runs, 0 hits, 0 errors, 0 left on base; Athletic Club KC 0 - Greenport 2
BOTTOM OF THE 2ND
Greenport Harbor Whales batting - Pitching for Athletic Club KC U-21 : LHP Larry Brown
Batting: RHB Mark Quaintance 0-0: Foul Ball, location: 2F
0-1: Ball
1-1: Swinging Strike
1-2: Ball
2-2: Ground out 6-3 (Groundball, 6M, EV 111.9 MPH)
Batting: RHB Jerry Simmons 0-0: Called Strike
0-1: Ball
1-1: Swinging Strike
1-2: Ball
2-2: Fly out, F4 (Popup, 4MD, EV 51.9 MPH)
Batting: RHB Jacob James 0-0: Ball
1-0: Called Strike
1-1: SINGLE (Line Drive, 8LS, EV 103.8 MPH)
Batting: RHB Greg Howard 0-0: Ball
Jacob James is caught stealing 2nd base 2-4
Bottom of the 2nd over - 0 runs, 1 hit, 0 errors, 0 left on base; Athletic Club KC 0 - Greenport 2
TOP OF THE 3RD
Athletic Club KC U-21 batting - Pitching for Greenport Harbor Whales : LHP Luis Asturias
Batting: RHB Heui-chung Tu 0-0: Ball
1-0: Foul Ball, location: 2F
1-1: Foul Ball, location: 2F
1-2: DOUBLE (Groundball, 3L, EV 94.4 MPH)
Batting: RHB Mike Welch 0-0: Called Strike
0-1: Swinging Strike
0-2: Ball
1-2: Foul Ball, location: 2F
1-2: Foul Ball, location: 2F
1-2: SINGLE (Groundball, 6MD, EV 106.2 MPH)
Heui-chung Tu to third
Batting: RHB Shigetoki Numata 0-0: Called Strike
0-1: Ball
1-1: Swinging Strike
1-2: Strikes out swinging
Batting: RHB Germain Bedeschi 0-0: Ball
1-0: Called Strike
1-1: Swinging Strike
1-2: SINGLE (Groundball, 34D, EV 97.5 MPH)
Heui-chung Tu scores
Mike Welch to second
Runner from 2nd tries for 3rd, SAFE, no throw by RF
Batting: LHB Bruce Simpson 0-0: Called Strike
0-1: Ball
1-1: Swinging Strike
1-2: SINGLE (Line Drive, 7S, EV 86.9 MPH)
Mike Welch scores
Germain Bedeschi to second
Batting: LHB Rafael Padilla 0-0: Called Strike
0-1: Swinging Strike
0-2: Foul Ball, location: 2F
0-2: Ball
1-2: Fly out, F8 (Flyball, 8LD, EV 90.6 MPH)
Runner from 2nd tags up, SAFE at 3rd with throw by CF
Batting: RHB Tim Hendricks 0-0: Ball
1-0: Fielders Choice at 2nd, 5-4 (Groundball, 5, EV 109.4 MPH)
Top of the 3rd over - 2 runs, 4 hits, 0 errors, 2 left on base; Athletic Club KC 2 - Greenport 2
BOTTOM OF THE 3RD
Greenport Harbor Whales batting - Pitching for Athletic Club KC U-21 : LHP Larry Brown
Batting: RHB Greg Howard 0-0: SINGLE (Groundball, 56, EV 89.4 MPH) (infield hit)
Batting: RHB Kazuki Takahashi 0-0: Ball
1-0: Called Strike
1-1: SINGLE (Groundball, 15S, EV 71.9 MPH) (infield hit)
Greg Howard to second
Batting: LHB Ronald Lithgoe 0-0: Ball
1-0: Fly out, F8 (Flyball, 8RXD, EV 106.9 MPH)
Runner from 2nd tags up, SAFE at 3rd, no throw by CF
Batting: RHB De-wei Chi 0-0: Ball
Kazuki Takahashi steals 2nd, throwing error, E2
Greg Howard scores
Kazuki Takahashi to third
1-0: Swinging Strike
1-1: Fly out, F8 (Flyball, 8RS, EV 86.9 MPH)
Batting: LHB Kyung-ryul Kim 0-0: Swinging Strike
0-1: Ball
1-1: Called Strike
1-2: Fly out, F8 (Line Drive, 8RM, EV 91.2 MPH)
Bottom of the 3rd over - 1 run, 2 hits, 1 error, 1 left on base; Athletic Club KC 2 - Greenport 3
TOP OF THE 4TH
Athletic Club KC U-21 batting - Pitching for Greenport Harbor Whales : LHP Luis Asturias
Batting: SHB Gary Hopkins 0-0: Ball
1-0: Called Strike
1-1: Foul Ball, location: 2F
1-2: Fly out, F7 (Flyball, 7S, EV 90.0 MPH)
Batting: LHB Ted Reed 0-0: SINGLE (Line Drive, 8LS, EV 93.8 MPH)
Batting: RHB Heui-chung Tu 0-0: Foul Ball, location: 2F
0-1: Foul Ball, location: 2F
0-2: Strikes out swinging
Batting: RHB Mike Welch 0-0: Ball
1-0: Ball
Ted Reed steals 2nd base
2-0: Foul Ball, location: 2F
2-1: Foul Ball, location: 2F
2-2: Fly out, F9 (Line Drive, 9, EV 103.8 MPH)
Top of the 4th over - 0 runs, 1 hit, 0 errors, 1 left on base; Athletic Club KC 2 - Greenport 3
BOTTOM OF THE 4TH
Greenport Harbor Whales batting - Pitching for Athletic Club KC U-21 : LHP Larry Brown
Batting: RHB Ben Russell 0-0: Swinging Strike
0-1: SINGLE (Groundball, 4D, EV 93.8 MPH)
Batting: RHB Mark Quaintance 0-0: Ball
1-0: Fly out, F8 (Flyball, 89M, EV 81.2 MPH)
Batting: RHB Jerry Simmons 0-0: Called Strike
0-1: Swinging Strike
0-2: Ball
1-2: Fielders Choice at 2nd, 6-4 (Groundball, 6, EV 90.6 MPH)
Batting: RHB Jacob James 0-0: Called Strike
0-1: Ball
1-1: Called Strike
1-2: Strikes out swinging
Bottom of the 4th over - 0 runs, 1 hit, 0 errors, 1 left on base; Athletic Club KC 2 - Greenport 3
TOP OF THE 5TH
Athletic Club KC U-21 batting - Pitching for Greenport Harbor Whales : LHP Luis Asturias
Batting: RHB Shigetoki Numata 0-0: Ball
1-0: Ground out 4-3 (Groundball, 4, EV 88.8 MPH)
Batting: RHB Germain Bedeschi 0-0: SINGLE (Line Drive, 4D, EV 95.6 MPH)
Batting: LHB Bruce Simpson 0-0: Called Strike
0-1: Ball
1-1: 2-RUN HOME RUN (Flyball, 9D, EV 100.0 MPH), Distance : 369 ft
Batting: LHB Rafael Padilla 0-0: Ball
1-0: Foul Ball, location: 2F
1-1: Fly out, F6 (Popup, 6MD, EV 51.9 MPH)
Batting: RHB Tim Hendricks 0-0: Called Strike
0-1: SINGLE (Flyball, 4D, EV 93.8 MPH)
Batting: SHB Gary Hopkins 0-0: Called Strike
0-1: Swinging Strike
0-2: Strikes out looking
Top of the 5th over - 2 runs, 3 hits, 0 errors, 1 left on base; Athletic Club KC 4 - Greenport 3
BOTTOM OF THE 5TH
Greenport Harbor Whales batting - Pitching for Athletic Club KC U-21 : LHP Larry Brown
Batting: RHB Greg Howard 0-0: Ball
1-0: Ground out 4-3 (Groundball, 4, EV 104.4 MPH)
Batting: RHB Kazuki Takahashi 0-0: Foul Ball, location: 2F
0-1: SINGLE (Flyball, 89S, EV 88.1 MPH)
Batting: LHB Ronald Lithgoe 0-0: Ball
1-0: Foul Ball, location: 2F
1-1: Fly out, F7 (Flyball, 7LD, EV 90.0 MPH)
Batting: RHB De-wei Chi 0-0: Called Strike
Kazuki Takahashi is caught stealing 2nd base 2-4
Bottom of the 5th over - 0 runs, 1 hit, 0 errors, 0 left on base; Athletic Club KC 4 - Greenport 3
TOP OF THE 6TH
Athletic Club KC U-21 batting - Pitching for Greenport Harbor Whales : LHP Luis Asturias
Batting: LHB Ted Reed 0-0: Ball
1-0: Called Strike
1-1: Foul Ball, location: 2F
1-2: Strikes out looking
Batting: RHB Heui-chung Tu 0-0: Called Strike
0-1: SINGLE (Line Drive, 34, EV 97.5 MPH)
Batting: RHB Mike Welch 0-0: Ball
1-0: Fly out, F7 (Flyball, 78M, EV 95.6 MPH)
Batting: RHB Shigetoki Numata 0-0: Foul Ball, location: 2F
0-1: Ball
1-1: Fly out, F3 (Popup, 3, EV 73.1 MPH)
Top of the 6th over - 0 runs, 1 hit, 0 errors, 1 left on base; Athletic Club KC 4 - Greenport 3
BOTTOM OF THE 6TH
Greenport Harbor Whales batting - Pitching for Athletic Club KC U-21 : LHP Larry Brown
Batting: RHB De-wei Chi 0-0: Fly out, F8 (Flyball, 89D, EV 108.8 MPH)
Batting: LHB Kyung-ryul Kim 0-0: Foul Ball, location: 2F
0-1: Ground out 6-3 (Groundball, 6, EV 94.4 MPH)
Batting: RHB Ben Russell 0-0: Ball
1-0: Foul Ball, location: 2F
1-1: Foul Ball, location: 2F
1-2: Ball
2-2: Ball
3-2: Strikes out swinging
Bottom of the 6th over - 0 runs, 0 hits, 0 errors, 0 left on base; Athletic Club KC 4 - Greenport 3
TOP OF THE 7TH
Athletic Club KC U-21 batting - Pitching for Greenport Harbor Whales : LHP Luis Asturias
Batting: RHB Germain Bedeschi 0-0: Called Strike
0-1: Foul Ball, location: 2F
0-2: SINGLE (Line Drive, 89M, EV 108.1 MPH)
Batting: LHB Bruce Simpson 0-0: Called Strike
0-1: Ball
1-1: SINGLE (Groundball, 3S, EV 79.4 MPH) (infield hit)
Germain Bedeschi to second
Batting: LHB Rafael Padilla 0-0: Called Strike
0-1: Foul Ball, location: 2F
0-2: Ball
1-2: Foul Ball, location: 2F
1-2: 3-RUN HOME RUN (Flyball, 9LD, EV 100.6 MPH), Distance : 369 ft
Pitching: LHP Donnie Ash
Batting: RHB Tim Hendricks 0-0: Ball
1-0: Swinging Strike
1-1: Foul Ball, location: 2F
1-2: Foul Ball, location: 2F
1-2: Strikes out looking
Batting: SHB Gary Hopkins 0-0: Ball
1-0: Called Strike
1-1: Called Strike
1-2: Foul Ball, location: 2F
1-2: Strikes out swinging
Batting: LHB Ted Reed 0-0: Ball
1-0: Ball
2-0: Called Strike
2-1: Ball
3-1: Called Strike
3-2: Base on Balls
Batting: RHB Heui-chung Tu 0-0: Ball
1-0: Fly out, F9 (Flyball, 89XD, EV 80.0 MPH)
Top of the 7th over - 3 runs, 3 hits, 0 errors, 1 left on base; Athletic Club KC 7 - Greenport 3
BOTTOM OF THE 7TH
Greenport Harbor Whales batting - Pitching for Athletic Club KC U-21 : LHP Larry Brown
Batting: RHB Mark Quaintance 0-0: Called Strike
0-1: Ball
1-1: Foul Ball, location: 2F
1-2: Ball
2-2: Ball
3-2: Foul Ball, location: 2F
3-2: DOUBLE (Line Drive, 78D, EV 103.1 MPH)
Batting: RHB Jerry Simmons 0-0: Ball
1-0: Called Strike
1-1: Ball
2-1: Foul Ball, location: 2F
2-2: Ball
3-2: Foul Ball, location: 2F
3-2: Ground out 4-3 (Groundball, 4, EV 86.9 MPH)
Mark Quaintance to third
Batting: RHB Jacob James 0-0: Ball
1-0: Foul Ball, location: 2F
1-1: Ball
2-1: Swinging Strike
2-2: Strikes out swinging
Batting: RHB Greg Howard 0-0: Foul Ball, location: 2F
0-1: Ball
1-1: Ball
2-1: Ball
3-1: Ground out 6-3 (Groundball, 6, EV 109.4 MPH)
Bottom of the 7th over - 0 runs, 1 hit, 0 errors, 1 left on base; Athletic Club KC 7 - Greenport 3
TOP OF THE 8TH
Athletic Club KC U-21 batting - Pitching for Greenport Harbor Whales : LHP Donnie Ash
Batting: RHB Mike Welch 0-0: Called Strike
0-1: Ball
1-1: Foul Ball, location: 2F
1-2: Ground out 1-3 (Groundball, 34S, EV 83.1 MPH)
Batting: RHB Shigetoki Numata 0-0: Ball
1-0: Called Strike
1-1: Ball
2-1: Ball
3-1: Base on Balls
Batting: RHB Germain Bedeschi 0-0: Called Strike
0-1: Foul Ball, location: 2F
0-2: Foul Ball, location: 2F
0-2: Ball
1-2: Fly out, F9 (Flyball, 9LM, EV 90.0 MPH)
Batting: LHB Bruce Simpson 0-0: Ball
1-0: Called Strike
1-1: Swinging Strike
1-2: Ball
2-2: Foul Ball, location: 2F
2-2: Ball
3-2: Fly out, F4 (Flyball, 4D, EV 74.4 MPH)
Top of the 8th over - 0 runs, 0 hits, 0 errors, 1 left on base; Athletic Club KC 7 - Greenport 3
BOTTOM OF THE 8TH
Greenport Harbor Whales batting - Pitching for Athletic Club KC U-21 : LHP Larry Brown
Batting: RHB Kazuki Takahashi 0-0: SINGLE (Groundball, 4MD, EV 95.0 MPH)
Batting: LHB Ronald Lithgoe 0-0: Ball
1-0: Called Strike
Pickoff Throw by Catcher to First - Out!
1-1: Ball
2-1: Foul Ball, location: 2F
2-2: Fly out, F7 (Flyball, 7LDF, EV 108.1 MPH)
Batting: RHB De-wei Chi 0-0: Ball
1-0: Foul Ball, location: 2F
1-1: Hit by Pitch
Batting: LHB Kyung-ryul Kim 0-0: Foul Ball, location: 2F
0-1: Called Strike
0-2: Ball
1-2: Ball
2-2: SINGLE (Groundball, 3S, EV 66.9 MPH) (infield hit)
De-wei Chi to second
Batting: RHB Ben Russell 0-0: Ball
1-0: Called Strike
1-1: Ball
2-1: Fly out, F8 (Line Drive, 8LM, EV 94.4 MPH)
Bottom of the 8th over - 0 runs, 2 hits, 0 errors, 2 left on base; Athletic Club KC 7 - Greenport 3
TOP OF THE 9TH
Athletic Club KC U-21 batting - Pitching for Greenport Harbor Whales : LHP Donnie Ash
Batting: LHB Rafael Padilla 0-0: Swinging Strike
0-1: SINGLE (Groundball, 4D, EV 100.6 MPH)
Batting: RHB Tim Hendricks 0-0: Swinging Strike
0-1: Called Strike
Rafael Padilla is caught stealing 2nd base 2-4
0-2: Ball
1-2: Strikes out swinging
Batting: SHB Gary Hopkins 0-0: Ball
1-0: Foul Ball, location: 2F
1-1: Foul Ball, location: 2F
1-2: Ball
2-2: Ball
3-2: Base on Balls
Batting: LHB Ted Reed 0-0: Called Strike
0-1: Ball
1-1: Ball
2-1: Ball
3-1: DOUBLE (Line Drive, 78XD, EV 107.5 MPH)
Gary Hopkins to third
Batting: RHB Heui-chung Tu 0-0: SINGLE (Groundball, 4MD, EV 98.1 MPH)
Gary Hopkins scores
Ted Reed to third
Runner from 3rd tries for Home, SAFE, throw by CF to home
Batting: RHB Mike Welch 0-0: Ball
1-0: Called Strike
1-1: Fielders Choice at 2nd, 6-4 (Groundball, 6, EV 94.4 MPH)
Top of the 9th over - 2 runs, 3 hits, 0 errors, 1 left on base; Athletic Club KC 9 - Greenport 3
BOTTOM OF THE 9TH
Greenport Harbor Whales batting - Pitching for Athletic Club KC U-21 : LHP Larry Brown
Pitching: RHP José Romano
Batting: RHB Mark Quaintance 0-0: Ball
1-0: Ball
2-0: SOLO HOME RUN (Flyball, 7LD, EV 92.5 MPH), Distance : 343 ft
Batting: RHB Jerry Simmons 0-0: Swinging Strike
0-1: Fly out, F8 (Flyball, 8RXD, EV 109.4 MPH)
Batting: RHB Jacob James 0-0: Swinging Strike
0-1: Foul Ball, location: 2F
0-2: Strikes out swinging
Batting: RHB Greg Howard 0-0: Ball
1-0: Swinging Strike
1-1: Called Strike
1-2: DOUBLE (Line Drive, 9LS, EV 115.6 MPH)
Batting: RHB Kazuki Takahashi 0-0: Called Strike
0-1: Called Strike
0-2: Strikes out looking
Bottom of the 9th over - 1 run, 2 hits, 0 errors, 1 left on base; Athletic Club KC 9 - Greenport 4
Friday, April 17th, 2020 - OOTP Baseball 20.8 Build 74